 Dungeon Sprint DCSS version 0.28.0-45-g0d030f2227 (webtiles) character file.

Game seed: 6254821318295490278

6300000 protoss039 the Invulnerable (level 22, -28/254 HPs)
             Began as a Deep Dwarf Fighter on Apr 5, 2022.
             Was the Champion of Makhleb.
             Annihilated by a sculptor of flesh
             ... wielding a +9 great sword
              (200 damage)
             ... in the Dungeon (Sprint VIII: "Arena of Blood").
             The game lasted 00:02:22 (63 turns).

protoss039 the Invulnerable (Deep Dwarf Fighter)      Turns: 63, Time: 00:02:23

Health: -28/254    AC: 13    Str: 30    XL:     22   Next: 0%
Magic:  21/38      EV: 22    Int: 10    God:    Makhleb [******]
Gold:   0          SH:  0    Dex: 12    Spells: 45/45 levels left

rFire   . . .      SeeInvis .   k - +∞ Axe of Woe
rCold   . . .      Faith    .   (shield currently unavailable)
rNeg    + . .      Spirit   .   b - +0 scale mail
rPois   .          Reflect  .   (no helmet)
rElec   .          Harm     .   (no cloak)
rCorr   .          Rampage  .   (no gloves)
Will    +++..      NoTele   +   (no boots)
Stlth   +++++.....              (no amulet)
HPRegen 0.00/turn               (no ring)
MPRegen 0.26/turn               (no ring)

@: no status effects
A: damage resistance, heal wounds, negative energy resistance 1, sense
surroundings 3, no regeneration
a: Heal Wounds, Renounce Religion, Minor Destruction, Lesser Servant of Makhleb,
Major Destruction, Greater Servant of Makhleb


You were in the Dungeon.
You worshipped Makhleb.
Makhleb was exalted by your worship.
You visited 1 branch

Inventory:

Hand Weapons
 a - a +0 war axe
 k - the +∞ Axe of Woe (weapon)
   (You found it in the Dungeon)
Armour
 b - a +0 scale mail (worn)
 c - a +0 buckler
Scrolls
 j - a scroll of blinking
Potions
 d - a potion of might
 e - a potion of curing
 f - a potion of heal wounds
 g - a potion of haste
 h - 2 potions of magic
 i - a potion of berserk rage


   Skills:
 O Level 27 Fighting
 + Level 13.5(15.8) Short Blades
 + Level 14.7(17.2) Long Blades
 O Level 27 Axes
 + Level 14.6(23.0) Maces & Flails
 + Level 13.5(21.3) Polearms
 + Level 13.5(17.8) Staves
 + Level 15.9(18.6) Slings
 + Level 11.5 Bows
 + Level 15.9 Crossbows
 + Level 13.5(15.8) Throwing
 O Level 27 Armour
 O Level 27 Dodging
 + Level 18.6 Stealth
 O Level 27 Shields
 + Level 13.5 Unarmed Combat
 + Level 12.4 Spellcasting
 + Level 13.5 Conjurations
 + Level 12.5 Hexes
 + Level 13.5 Summonings
 + Level 15.9 Necromancy
 + Level 15.9 Translocations
 + Level 13.5 Transmutations
 + Level 13.5 Fire Magic
 + Level 13.5 Ice Magic
 + Level 11.5 Air Magic
 + Level 18.6 Earth Magic
 + Level 12.5 Poison Magic
 + Level 18.6 Invocations
 + Level 18.6 Evocations


You had 45 spell levels left.
You didn't know any spells.
Your spell library was empty.

Dungeon Overview and Level Annotations

Branches:
Dungeon (1/1)

Altars:
Makhleb


Innate Abilities, Weirdness & Mutations

You are resistant to damage.
You can heal yourself by infusing magical energy.
You resist negative energy. (rN+)
You passively map a large area around you.
You do not regenerate.


Message History

You dissect the meat berserker like a pig carcass.
You kill the meat berserker!
Makhleb accepts your kill.
You feel better.
The large bag of meat explodes!
The fiery explosion engulfs you!!
You are engulfed in blazing flames.
You hear a shout! x3
The destroyer gestures at you while chanting.
The destroyer blinks!
You hear a shout! x2
A bag of meat comes into view. It is wielding a +9 war axe. x2
You hear a shout! x2
A destroyer comes into view. It is wielding a +9 vorpal great sword.
You hear a shout!
The bag of meat shouts!
Your Stealth skill increases to level 18!
Your Spellcasting skill increases to level 12!
Your Earth Magic skill increases to level 18!
Your Invocations skill increases to level 18!
Your Evocations skill increases to level 18!
You have reached level 22!
Unknown command.
Press < or > to pray at altars.
A large bag of meat, 3 bags of meat, an eight-headed meat hydra and a meat berserker come into view.
The meat berserker appears out of thin air!
A meat berserker comes into view. It is wielding a +9 battleaxe.
The bag of meat shouts! x2; The meat berserker shouts!
The large bag of meat shouts in stereo!
You hear a shout!
The bag of meat closely misses you.
You hear a shout!
A bag of meat comes into view. It is wielding a +9 war axe. x2
You hear a shout! x2
The destroyer points at you and mumbles some strange words.
The destroyer blinks!
You hear a shout!
The bag of meat hits you with a +9 war axe.
You hear a shout! x2
A bag of meat comes into view. It is wielding a +9 war axe.
The sculptor of flesh hits you with a +9 great sword!!!!!
Ouch! That really hurt!
You die...

, , ,,,.V....... ,
, , , , ,,
#o......# ,, *..,,
#... .o.# ., , *
...###... ...###..
.....O.z###.......
, ,,,
#..o..§§§V))......
, * ,
....#○§)))#.... ,
* , , ,, .
#§)<)_#,, . , * ,
* ,,,#o@zoX# ,,,
*, , , ,
.o....oO_X..... ,
, , ,
o.D....###.o§... ,
.O###O..
...###..,,, ,o,
#OV. ...# . ,, ,,
, ,,,,,,#.OV ...#
, ,, , , ,
,oOOo.z.... ,, , ,


Oooo , , ,, ,,* ,, * * , ,, , ,, , You could see an eight-headed meat hydra, 2
destroyers, 2 sculptors of flesh, 4 large bags of meat, 2 large abominations, 5
meat berserkers and 12 bags of meat.

Vanquished Creatures
  A royal mummy (D)
  4 vampire knights (D)
  17 ogres (D)
  2 two-headed ogres (D)
  A hydra (D)
  18 orcs (D)
  4 skeletal warriors (D)
47 creatures vanquished.

Notes
Turn   | Place    | Note
-------+----------+-------------------------------------------
     0 | D        | Found the +∞ Axe of Woe
     0 | D        | protoss039 the Deep Dwarf Fighter began the quest for the
                  | Orb.
     0 | D        | Reached XP level 1. HP: 20/20 MP: 1/1
     1 | D        | Noticed a bag of meat
     1 | D        | Noticed a bag of meat
     3 | D        | Noticed a bag of meat
     4 | D        | Noticed a bag of meat
     5 | D        | Noticed a meat berserker
     7 | D        | Noticed a bag of meat
     8 | D        | Killed a meat berserker
     8 | D        | Noticed a meat berserker
     8 | D        | Noticed a meat berserker
     8 | D        | Noticed a bag of meat
     8 | D        | Noticed a bag of meat
     9 | D        | Reached skill level 15 in Fighting
     9 | D        | Reached XP level 2. HP: 54/54 MP: 2/2
     9 | D        | Reached XP level 3. HP: 61/61 MP: 3/3
     9 | D        | Reached XP level 4. HP: 69/69 MP: 4/4
     9 | D        | Reached XP level 5. HP: 76/76 MP: 5/5
     9 | D        | Reached XP level 6. HP: 85/85 MP: 6/6
     9 | D        | Reached XP level 7. HP: 92/92 MP: 7/7
     9 | D        | Reached XP level 8. HP: 100/100 MP: 8/8
     9 | D        | Gained mutation: You passively map the area around you.
                  | [Deep Dwarf growth]
     9 | D        | Reached XP level 9. HP: 109/109 MP: 9/9
     9 | D        | Reached XP level 10. HP: 117/117 MP: 10/10
     9 | D        | Reached XP level 11. HP: 124/124 MP: 11/11
     9 | D        | Killed a bag of meat
     9 | D        | Killed a bag of meat
     9 | D        | Killed a bag of meat
    10 | D        | Reached XP level 12. HP: 141/141 MP: 12/12
    10 | D        | Reached XP level 13. HP: 148/148 MP: 13/13
    10 | D        | Killed a meat berserker
    11 | D        | Gained mutation: You resist negative energy. (rN+) [Deep
                  | Dwarf growth]
    11 | D        | Reached XP level 14. HP: 138/163 MP: 14/14
    11 | D        | Killed a bag of meat
    11 | D        | Killed a meat berserker
    13 | D        | Killed a bag of meat
    13 | D        | Noticed a meat berserker
    14 | D        | Reached XP level 15. HP: 150/177 MP: 15/15
    16 | D        | Reached skill level 27 in Armour
    16 | D        | Killed a meat berserker
    17 | D        | Reached skill level 27 in Shields
    17 | D        | Became a worshipper of Makhleb the Destroyer
    18 | D        | Noticed a destroyer
    18 | D        | Noticed a meat berserker
    20 | D        | Reached XP level 16. HP: 140/195 MP: 16/16
    21 | D        | Noticed a meat berserker
    22 | D        | Killed a destroyer
    22 | D        | Reached * piety under Makhleb
    23 | D        | Reached skill level 27 in Fighting
    23 | D        | Killed a meat berserker
    24 | D        | Reached skill level 27 in Axes
    27 | D        | Killed a meat berserker
    27 | D        | Noticed an eight-headed meat hydra
    28 | D        | Reached XP level 17. HP: 132/208 MP: 17/17
    28 | D        | Noticed a destroyer
    28 | D        | Noticed a large bag of meat
    29 | D        | Reached ** piety under Makhleb
    29 | D        | Noticed a destroyer
    31 | D        | Noticed a sculptor of flesh
    31 | D        | Killed a nine-headed meat hydra
    31 | D        | Reached *** piety under Makhleb
    33 | D        | Killed a destroyer
    34 | D        | Reached skill level 27 in Dodging
    35 | D        | Noticed a meat berserker
    36 | D        | Killed a destroyer
    36 | D        | Noticed a meat berserker
    37 | D        | Reached skill level 5 in Slings
    37 | D        | Reached skill level 5 in Crossbows
    37 | D        | Reached skill level 5 in Necromancy
    37 | D        | Reached skill level 5 in Translocations
    37 | D        | Gained mutation: You passively map a large area around you.
                  | [Deep Dwarf growth]
    37 | D        | Reached XP level 18. HP: 151/218 MP: 17/23
    37 | D        | Killed a large bag of meat
    37 | D        | Reached **** piety under Makhleb
    38 | D        | Reached skill level 5 in Long Blades
    38 | D        | Reached skill level 5 in Maces & Flails
    38 | D        | Killed a sculptor of flesh
    39 | D        | Reached skill level 5 in Short Blades
    39 | D        | Reached skill level 5 in Polearms
    39 | D        | Reached skill level 5 in Staves
    39 | D        | Reached skill level 5 in Throwing
    39 | D        | Reached skill level 5 in Unarmed Combat
    39 | D        | Reached skill level 5 in Conjurations
    39 | D        | Reached skill level 5 in Summonings
    39 | D        | Reached skill level 5 in Transmutations
    39 | D        | Reached skill level 5 in Fire Magic
    39 | D        | Reached skill level 5 in Ice Magic
    39 | D        | Noticed a meat berserker
    39 | D        | Noticed a destroyer
    40 | D        | Killed a meat berserker
    41 | D        | Reached skill level 5 in Spellcasting
    41 | D        | Reached skill level 5 in Hexes
    41 | D        | Reached skill level 5 in Poison Magic
    41 | D        | Killed a meat berserker
    41 | D        | Noticed a meat berserker
    41 | D        | Noticed a sculptor of flesh
    42 | D        | Reached skill level 5 in Bows
    42 | D        | Reached skill level 5 in Air Magic
    42 | D        | Noticed a sculptor of flesh
    43 | D        | Noticed a meat berserker
    44 | D        | Noticed a sculptor of flesh
    44 | D        | Noticed a meat berserker
    44 | D        | Noticed a large bag of meat
    45 | D        | Killed a meat berserker
    45 | D        | Killed a meat berserker
    45 | D        | Reached ***** piety under Makhleb
    45 | D        | Killed a sculptor of flesh
    46 | D        | Reached XP level 19. HP: 174/226 MP: 18/30
    47 | D        | Killed a meat berserker
    48 | D        | Reached skill level 10 in Slings
    48 | D        | Reached skill level 10 in Crossbows
    48 | D        | Reached skill level 10 in Necromancy
    48 | D        | Reached skill level 10 in Translocations
    48 | D        | Killed a meat berserker
    48 | D        | Reached ****** piety under Makhleb
    48 | D        | Noticed a meat berserker
    49 | D        | Reached skill level 10 in Long Blades
    49 | D        | Reached skill level 10 in Maces & Flails
    49 | D        | Reached XP level 20. HP: 236/236 MP: 18/32
    49 | D        | Noticed a meat berserker
    50 | D        | Noticed an accursed
    50 | D        | Killed a destroyer
    51 | D        | Reached skill level 10 in Short Blades
    51 | D        | Reached skill level 10 in Polearms
    51 | D        | Reached skill level 10 in Staves
    51 | D        | Reached skill level 10 in Throwing
    51 | D        | Reached skill level 10 in Unarmed Combat
    51 | D        | Reached skill level 10 in Conjurations
    51 | D        | Reached skill level 10 in Summonings
    51 | D        | Reached skill level 10 in Transmutations
    51 | D        | Reached skill level 10 in Fire Magic
    51 | D        | Reached skill level 10 in Ice Magic
    51 | D        | Killed a meat berserker
    51 | D        | Noticed a meat berserker
    52 | D        | Reached skill level 15 in Stealth
    52 | D        | Reached skill level 10 in Spellcasting
    52 | D        | Reached skill level 10 in Hexes
    52 | D        | Reached skill level 15 in Earth Magic
    52 | D        | Reached skill level 10 in Poison Magic
    52 | D        | Reached skill level 15 in Invocations
    52 | D        | Reached skill level 15 in Evocations
    52 | D        | Noticed a meat berserker
    52 | D        | Noticed a meat berserker
    53 | D        | Noticed an accursed
    54 | D        | Killed a meat berserker
    55 | D        | Noticed a tyrant
    56 | D        | Reached XP level 21. HP: 244/244 MP: 20/35
    57 | D        | Reached skill level 10 in Bows
    57 | D        | Reached skill level 10 in Air Magic
    57 | D        | Noticed a large bag of meat
    58 | D        | Killed an accursed
    59 | D        | Reached skill level 15 in Slings
    59 | D        | Reached skill level 15 in Crossbows
    59 | D        | Reached skill level 15 in Necromancy
    59 | D        | Reached skill level 15 in Translocations
    59 | D        | Noticed a large bag of meat
    59 | D        | Noticed a destroyer
    59 | D        | Noticed a destroyer
    60 | D        | Noticed a large bag of meat
    61 | D        | Noticed a destroyer
    62 | D        | Killed a large bag of meat
    62 | D        | Noticed a destroyer
    63 | D        | Reached XP level 22. HP: 173/254 MP: 21/38
    63 | D        | Noticed a large bag of meat
    63 | D        | Annihilated by a sculptor of flesh

Illustrated notes

Levels and vault maps discovered:
D:        meatsprint

Skill      XL: |  1  2  3  4  5  6  7  8  9 10 11 12 13 14 15 16 17 18 19 20 21 |
---------------+----------------------------------------------------------------+-----
Fighting       | 15 18 20 22 25 27 | 27.0
Axes           | 9 12 14 17 22 27 | 27.0
Armour         | 18 22 23 26 27 | 27.0
Shields        | 18 21 23 25 27 | 27.0
Dodging        | 2 20 27 | 27.0
Short Blades   | 4 8 9 11 13 | 13.5
Long Blades    | 4 8 10 12 14 | 14.7
Maces & Flails | 4 8 10 12 14 | 14.6
Polearms       | 4 8 9 11 13 | 13.5
Staves         | 4 8 9 11 13 | 13.5
Slings         | 5 9 11 13 15 | 15.9
Bows           | 3 6 8 9 11 | 11.5
Crossbows      | 5 9 11 13 15 | 15.9
Throwing       | 4 8 9 11 13 | 13.5
Stealth        | 6 11 13 16 18 | 18.6
Unarmed Combat | 4 8 9 11 13 | 13.5
Spellcasting   | 3 7 8 10 12 | 12.4
Conjurations   | 4 8 9 11 13 | 13.5
Hexes          | 3 7 8 10 12 | 12.5
Summonings     | 4 8 9 11 13 | 13.5
Necromancy     | 5 9 11 13 15 | 15.9
Translocations | 5 9 11 13 15 | 15.9
Transmutations | 4 8 9 11 13 | 13.5
Fire Magic     | 4 8 9 11 13 | 13.5
Ice Magic      | 4 8 9 11 13 | 13.5
Air Magic      | 3 6 8 9 11 | 11.5
Earth Magic    | 6 11 13 16 18 | 18.6
Poison Magic   | 3 7 8 10 12 | 12.5
Invocations    | 6 11 13 16 18 | 18.6
Evocations     | 6 11 13 16 18 | 18.6

Action                   |  1- 3 |  4- 6 |  7- 9 | 10-12 | 13-15 | 16-18 | 19-21 | 22-24 || total
-------------------------+-------+-------+-------+-------+-------+-------+-------+-------++-------
Melee: Executioner's axe |     1 |       |       |     1 |     7 |    12 |    11 |       ||    32
Armor: Scale mail        |       |       |       |       |       |     1 |       |       ||     1
Dodge: Dodged            |       |       |       |       |       |     3 |     1 |     1 ||     5
